 Dungeon Sprint DCSS version 0.21-a0-215-g0631661 (webtiles) character file.

1598 potatolord6000 the Fighter (level 8, -3/72 HPs)
             Began as a Demonspawn Fighter on Aug 22, 2017.
             Was an Initiate of Gozag.
             Slain by a death knight
             ... wielding a +1 halberd
              (20 damage)
             ... in the Dungeon (Sprint IX: "|||||||||||||||||||||||||||||").
             The game lasted 00:02:38 (289 turns).

potatolord6000 the Fighter (Demonspawn Fighter)      Turns: 289, Time: 00:02:39

Health: -3/72      AC: 17    Str: 24    XL:     8   Next: 62%
Magic:  0/8        EV: 14    Int: 18    God:    Gozag
Gold:   171        SH: 12    Dex: 17    Spells: 7/7 levels left

rFire    . . .     SeeInvis .   a - +0 long sword
rCold    . . .     Gourm    .   c - +0 shield
rNeg     . . .     Faith    .   o - +0 plate armour
rPois    .         Spirit   +   (no helmet)
rElec    .         Reflect  .   n - +0 cloak
rCorr    .         Harm     .   (no gloves)
MR       .....     NoTele   +   (no boots)
Stlth    ..........             (no amulet)
HPRegen  0.22/turn              b - +2 ring of protection
MPRegen  0.22/turn              p - +3 ring of intelligence

@: mighty, brilliant, agile, gold aura, berserk cooldown, very slightly
contaminated, slowed, invisible, very slow
A: hooves 1, repulsion field 2, magic shield, magic regeneration
a: Potion Petition, Call Merchant, Bribe Branch, Renounce Religion


You were in the Dungeon.
You worshipped Gozag.
Gozag was aware of your devotion.
You were not hungry.

You visited 1 branch You collected 531 gold pieces.
You paid 360 gold pieces to Gozag.

Inventory:

Hand Weapons
 a - a +0 long sword (weapon)
Armour
 c - a +0 shield (worn)
 n - a +0 cloak (worn)
 o - a +0 plate armour (worn)
Jewellery
 b - a +2 ring of protection (left hand)
 p - a +3 ring of intelligence (right hand)
Scrolls
 k - 2 scrolls of blinking
 l - 3 scrolls of remove curse
 m - 2 scrolls of amnesia
Potions
 e - a potion of curing
 i - 4 potions of magic
Comestibles
 f - a bread ration


   Skills:
 + Level 10.2 Fighting
 + Level 9.1 Long Blades
 + Level 9.4 Armour
 + Level 9.4 Shields


You had 7 spell levels left.
You didn't know any spells.

Dungeon Overview and Level Annotations

Branches:
Dungeon (1/1)

Altars:
Cheibriados
Dithmenos
Elyvilon
Fedhas
Gozag
Hepliaklqana
Kikubaaqudgha
Makhleb
Nemelex Xobeh
Okawaru
Qazlal
Ru
Sif Muna
Trog
Uskayaw
Vehumet
Wu Jian
Xom
Yredelemnul
Zin
The Shining One
Beogh
Jiyva
Lugonu


Innate Abilities, Weirdness & Mutations

You have large cloven feet.
You are surrounded by a moderate repulsion field. (EV +3)
When hurt, damage is shared between your health and your magic reserves.
You regenerate magic rapidly.


Message History

The death knight reflects your damage back at you!
The death knight hits you with an enchanted halberd!!
* * * LOW HITPOINT WARNING * * *
You feel better.
The death knight hits you with an enchanted halberd.
* * * LOW HITPOINT WARNING * * *
You block the death knight's attack. [a] - 360 gold - might, agility and brilliance [b] - 725 gold - resistance, flight, invisibility and agility [c] - 483 gold - heal wounds, berserk rage, resistance and flight Purchase which effect?
You no longer have enough gold to petition Gozag for potion effects.
You feel very mighty all of a sudden.
You feel agile all of a sudden.
You feel clever all of a sudden.
The death knight hits you with an enchanted halberd!
* * * LOW HITPOINT WARNING * * *
You feel better.
The death knight hits you with an enchanted halberd!!
You die...
Your body crumbles into a pile of gold. ▓▓▓▓▓▓▓▓▓▓▓▓▓▓▓▓▓▓▓▓▓▓ +..5p@$'(...).(..[[.)/ ▓▓▓▓▓▓▓▓▓▓▓▓▓▓▓▓▓▓▓▓▓▓ $$$$$ $ $ $ $$

You could see a death knight and a crimson imp.

Vanquished Creatures
  An unseen horror (D)
  A cyclops (D)
  A wyvern (D)
  2 wraiths (D)
  A yak (D)
  A centaur (D)
  2 worker ants (D)
  An adder skeleton (D)
  An orc (D)
  2 bat zombies (D)
  2 hobgoblins (D)
  A ball python zombie (D)
  2 frilled lizards (D)
  A kobold (D)
  A rat (D)
20 creatures vanquished.

Notes
Turn   | Place    | Note
-------+----------+-------------------------------------------
     0 | D        | potatolord6000 the Demonspawn Fighter began the quest for the Orb.
     0 | D        | Reached XP level 1. HP: 18/18 MP: 1/1
    53 | D        | Gained mutation: You are surrounded by a mild repulsion field. (EV +2) [demonic ancestry]
    53 | D        | Reached XP level 2. HP: 20/24 MP: 2/2
    80 | D        | Found a roughly hewn altar of Beogh.
    80 | D        | Found a snail-covered altar of Cheibriados.
    80 | D        | Found a shadowy altar of Dithmenos.
    80 | D        | Found a white marble altar of Elyvilon.
    80 | D        | Found a blossoming altar of Fedhas.
    80 | D        | Found an opulent altar of Gozag.
    81 | D        | Found a hazy altar of Hepliaklqana.
    82 | D        | Found a viscous altar of Jiyva.
    83 | D        | Found an ancient bone altar of Kikubaaqudgha.
    84 | D        | Found a corrupted altar of Lugonu.
    85 | D        | Found a burning altar of Makhleb.
    86 | D        | Found a sparkling altar of Nemelex Xobeh.
    87 | D        | Found an iron altar of Okawaru.
    88 | D        | Became a worshipper of Gozag Ym Sagoz the Greedy
    89 | D        | Found a stormy altar of Qazlal.
    90 | D        | Found a sacrificial altar of Ru.
    91 | D        | Found a deep blue altar of Sif Muna.
    92 | D        | Found a bloodstained altar of Trog.
    93 | D        | Found a hide-covered altar of Uskayaw.
    94 | D        | Found a radiant altar of Vehumet.
    95 | D        | Found an ornate altar of the Wu Jian Council.
    96 | D        | Found a shimmering altar of Xom.
    97 | D        | Found a basalt altar of Yredelemnul.
    98 | D        | Found a glowing silver altar of Zin.
    99 | D        | Found a glowing golden altar of the Shining One.
   144 | D        | Noticed a wraith
   144 | D        | Noticed a centaur
   144 | D        | Noticed a yak
   150 | D        | HP: 1/25 [yak (11)]
   158 | D        | Killed a yak
   158 | D        | Reached skill level 5 in Fighting
   158 | D        | Reached skill level 5 in Armour
   158 | D        | Reached skill level 5 in Shields
   158 | D        | Reached XP level 3. HP: 34/34 MP: 3/3
   158 | D        | Gained mutation: When hurt, damage is shared between your health and your magic reserves. [demonic ancestry]
   158 | D        | Reached XP level 4. HP: 40/40 MP: 4/4
   158 | D        | Gained mutation: You are surrounded by a moderate repulsion field. (EV +3) [demonic ancestry]
   158 | D        | Reached XP level 5. HP: 46/46 MP: 5/5
   163 | D        | Killed an unseen horror
   163 | D        | Reached skill level 8 in Fighting
   163 | D        | Gained mutation: You regenerate magic rapidly. [demonic ancestry]
   163 | D        | Reached XP level 6. HP: 57/57 MP: 4/6
   163 | D        | Gained mutation: You have large cloven feet. [demonic ancestry]
   163 | D        | Reached XP level 7. HP: 63/63 MP: 4/7
   169 | D        | Reached skill level 9 in Fighting
   176 | D        | Killed a wraith
   254 | D        | Noticed a death knight
   254 | D        | Noticed a wyvern
   254 | D        | Noticed a wraith
   254 | D        | Noticed a cyclops
   260 | D        | Killed a cyclops
   260 | D        | Reached XP level 8. HP: 72/72 MP: 8/8
   262 | D        | Reached skill level 10 in Fighting
   289 | D        | Slain by a death knight

Vault maps used:
D:        linesprint

Skill      XL: |  1  2  3  4  5  6  7  8 |
---------------+-------------------------+-----
Long Blades    | 2 4 7 8 9 |  9.1
Armour         | 3 5 7 9 |  9.4
Shields        | 3 5 8 9 |  9.4
Fighting       | 5 8 9 10 | 10.2

Action                   |  1- 3 |  4- 6 |  7- 9 || total
-------------------------+-------+-------+-------++-------
Melee: Long sword        |    41 |     5 |    33 ||    79
       Kick              |       |       |    14 ||    14
Invok: Potion Petition   |       |       |     2 ||     2
  Use: Potion            |     4 |       |     7 ||    11
 Stab: Distracted        |       |       |     3 ||     3
Armor: Scale mail        |     9 |       |       ||     9
       Plate armour      |     4 |     1 |     4 ||     9
Dodge: Dodged            |    12 |       |     9 ||    21
Block: Shield            |    15 |     3 |    16 ||    34
       Rpst.: Long sword |       |       |     5 ||     5

Table legend:
 A = Spawn XP
 B = Non-spawn XP
 C = Spawn XP percentage of total XP
 D = Spawn monster count
 E = Non-spawn monster count
 F = Spawn count percentage of total count
 G = Total turns spent on level
                    A         B        C        D         E        F      G
               +---------+---------+-------+---------+---------+-------+---------
         Total |       0 |    2283 |   0.0 |       0 |      20 |   0.0 |   289
               +---------+---------+-------+---------+---------+-------+---------
             D |       0 |    2283 |   0.0 |       0 |      20 |   0.0 |   289
               +---------+---------+-------+---------+---------+-------+---------
